[Event "Early-Titled-Tuesday-Blitz-February-20-2024"]
[Site "Chess.com"]
[Date "2024.02.20"]
[Round "10"]
[White "Kobalia"]
[Black "Sam_ChessMood"]
[Result "1-0"]
[WhiteElo "2822"]
[BlackElo "2936"]
[TimeControl "180+1"]
[EndTime "9:58:10 PST"]
[Termination "Kobalia won by resignation"]

1. e4 c5 2. Nf3 e6 3. g3 d5 4.
exd5 exd5 5. d4 cxd4 6. Nxd4 Nc6 7. Be3 Nf6 8. Bg2 Ng4 9. Nc3 Nxe3 10. fxe3 Bb4 11.
Qd2 O-O 12. a3 Ba5 13. b4 Nxd4 14. exd4 Re8+ 15. Kf2 Qf6+ 16. Qf4 Qc6 17. Bxd5 Qg6 18. Rhe1 Be6 19. Bxe6 fxe6 20. Qe4 Qf6+ 21. Kg2 Bb6 22. Rad1 Rad8 23. Ne2 e5 24. Rf1 exd4 25. Qxe8+ Rxe8 26. Rxf6 gxf6 27. Nxd4 Rc8 28. Kh3 Rc3 29. Nf5 Rxc2 30. a4 a5 31. bxa5 Bxa5 32. Rd7 b6 33. Nh6+ Kh8 34.
Ng4 Rc6 35. Nh6 Bc3 36. Nf5 Rc8 37. Rb7 Ba5 38. Kg4 Rc2 39. Rb8+ 1-0

[Event "Early-Titled-Tuesday-Blitz-February-20-2024"]
[Site "Chess.com"]
[Date "2024.02.20"]
[Round "10"]
[White "Makswolf200817"]
[Black "ketster"]
[Result "1-0"]
[WhiteElo "2759"]
[BlackElo "2595"]
[TimeControl "180+1"]
[EndTime "9:58:10 PST"]
[Termination "Makswolf200817 won on time"]

1. d4 d5 2. c4 e5 3. dxe5 Ne7 4.
e4 dxe4 5. Qxd8+ Kxd8 6. Nc3 Bf5 7. Nge2 Nbc6 8. Ng3 Be6 9. Ngxe4 Nxe5 10. Ng5 h6 11. Nxe6+ fxe6 12. Bf4 N7c6 13. O-O-O+ Ke8 14. Nb5 Rc8 15.
Nxa7 Ra8 16. Nxc6 Nxc6 17. a3 Bc5 18. Bxc7 Bxf2 19. Be2 Be3+ 20. Kb1 Rc8 21. Bd6 Bd4 22. Bf3 Bf6 23. Bh5+ Kd7 24. b4 Nd4 25. Bc5 Rxc5 26. bxc5 Rc8 27. Rxd4+ Bxd4 28. Rd1 e5 29. Bg4+ Kc7 30.
Bxc8 Kxc8 31. Kc2 Kc7 32. Kd3 Kc6 33. Rb1 Bxc5 34. a4 b6 35. Ke4 Bd4 36. Rb5 Kd6 37. h4 h5 38. a5 bxa5 39. Rxa5 Kc6 40. Rb5 g6 41. Rxe5 Bxe5 42. Kxe5 1-0

[Event "Early-Titled-Tuesday-Blitz-February-20-2024"]
[Site "Chess.com"]
[Date "2024.02.20"]
[Round "10"]
[White "Eagle_2019"]
[Black "Njal28"]
[Result "0-1"]
[WhiteElo "2895"]
[BlackElo "2998"]
[TimeControl "180+1"]
[EndTime "9:58:12 PST"]
[Termination "Njal28 won by resignation"]

1. d4 Nf6 2. Bg5 d5 3. Nd2 c5 4. Bxf6 gxf6 5. dxc5 e6 6. e4 Bxc5 7. Qh5 Nc6 8. O-O-O Bxf2 9. Ngf3 dxe4 10. Nxe4 Be3+ 11. Ned2 Qa5 12. Qxa5 Nxa5 13. Bb5+ Ke7 14. Rhe1 Bh6 15. Nd4 e5 16. Bd3 Rd8 17. Nf3 Nc6 18. Kb1 Bg4 19. Rf1 Nd4 20. Nxd4 Rxd4 21. Nf3 Rd6 22. Rde1 Rad8 23. Nh4 Bg5 24. Nf5+ Bxf5 25. Bxf5 Rd2 26. Be4 b6 27. a3 h5 28. Bf3 h4 29. h3 Bf4 30. Rd1 f5 31. Rxd2 Rxd2 32. Rd1 Rf2 33. Bd5 e4 34. Re1 Kf6 35. Bb7 Rxg2 36. Rf1 Ke5 37. Bc8 e3 38. Bb7 Rh2 39. Bf3 Bg3 0-1

[Event "Early-Titled-Tuesday-Blitz-February-20-2024"]
[Site "Chess.com"]
[Date "2024.02.20"]
[Round "10"]
[White "karinachess1"]
[Black "carokannlover213"]
[Result "0-1"]
[WhiteElo "2664"]
[BlackElo "2845"]
[TimeControl "180+1"]
[EndTime "9:58:12 PST"]
[Termination "carokannlover213 won on time"]

1. d4 d5 2. c4 e6 3. Nc3 c6 4.
e3 Nf6 5. Bd3 Nbd7 6. b3 Bb4 7.
Bd2 O-O 8. Nf3 dxc4 9. Bxc4 Bd6 10. O-O e5 11. dxe5 Nxe5 12. Nxe5 Bxe5 13. f4 Bc7 14. Qc2 Re8 15. Rae1 Bf5 16. Qxf5 Qxd2 17. Nb1 Qxa2 18.
e4 Qa5 19. e5 Bd8 20. Qh3 Nd5 21. f5 Bb6+ 22. Kh1 Bf2 23. Rc1 Be3 24. Rce1 Bf2 25. Rc1 Bd4 26. e6 fxe6 27. fxe6 Nf6 28. e7+ Kh8 29.
Rce1 Qc5 30. Qe6 b5 31. Bd3 Qd5 32. Qxd5 Nxd5 33. Rf7 Bf6 0-1

[Event "Early-Titled-Tuesday-Blitz-February-20-2024"]
[Site "Chess.com"]
[Date "2024.02.20"]
[Round "10"]
[White "Larina_Maria"]
[Black "AttilaTurzo"]
[Result "1-0"]
[WhiteElo "2292"]
[BlackElo "2464"]
[TimeControl "180+1"]
[EndTime "9:58:12 PST"]
[Termination "Larina_Maria won on time"]

1. e4 c6 2. d4 d5 3. f3 Qb6 4. Nc3 Nf6 5. e5 Nfd7 6. f4 e6 7. Nf3 c5 8. dxc5 Bxc5 9. Na4 Qa5+ 10. c3 Be7 11. b4 Qc7 12. Bd2 f6 13. exf6 Bxf6 14.
Nd4 O-O 15. Bd3 Nc6 16. Nxe6 Re8 17. Bxh7+ Kf7 18. f5 Qe5+ 19. Kf2 Nf8 20. Qh5+ Ke7 21. Nxf8 Bxf5 22. Rae1 Rxf8 23. Rxe5+ Bxe5 24. Bxf5 d4 25. Bg5+ Kd6 26. Qg6+ Kc7 27. c4 d3 28. Nc5 Nd4 29. Ne6+ Nxe6 30. Qxe6 Bd4+ 31. Kg3 1-0

[Event "Early-Titled-Tuesday-Blitz-February-20-2024"]
[Site "Chess.com"]
[Date "2024.02.20"]
[Round "10"]
[White "Korchmar_Vasiliy"]
[Black "FARIZA2018"]
[Result "1-0"]
[WhiteElo "2768"]
[BlackElo "2594"]
[TimeControl "180+1"]
[EndTime "9:58:13 PST"]
[Termination "Korchmar_Vasiliy won by resignation"]

1. e4 e5 2. Nf3 Nc6 3. Bc4 Nf6 4. d3 Bc5 5. c3 d6 6. Bg5 h6 7. Bh4 g5 8. Bg3 Qe7 9. O-O h5 10. h4 Bg4 11. Nbd2 O-O-O 12. b4 Bb6 13. a4 a5 14. Bb5 Nh7 15. Bxc6 bxc6 16. bxa5 Ba7 17. Qb3 Rhg8 18. Kh1 Kd7 19. d4 Rb8 20. Qc4 Be6 21. d5 cxd5 22. exd5 Bf5 23. Ne4 g4 24. Nfg5 Nxg5 25.
Nxg5 Bc5 26. Ne4 Bxe4 27. Qxe4 Qf6 28. Rab1 Ra8 29. Rb5 Ra6 30. Rfb1 Rga8 31. Kg1 Rxa5 32. Rxa5 Rxa5 33. Rb8 Qg6 34. Qc4 Qc2 35. Kh2 Ke7 36. Rh8 Rxa4 37. Qb5 Bxf2 38. Qe8+ Kf6 39. Rh6+ Kf5 40.
Qxf7+ Ke4 41. Qg6+ 1-0

[Event "Early-Titled-Tuesday-Blitz-February-20-2024"]
[Site "Chess.com"]
[Date "2024.02.20"]
[Round "10"]
[White "SaiAgni_98"]
[Black "Rozhkov_V"]
[Result "0-1"]
[WhiteElo "2559"]
[BlackElo "2451"]
[TimeControl "180+1"]
[EndTime "9:58:16 PST"]
[Termination "Rozhkov_V won by checkmate"]

1. e4 e6 2. d4 d5 3. Nd2 Nf6 4.
Bd3 c5 5. exd5 Nxd5 6. Ngf3 Nf4 7. Bb5+ Bd7 8. Bxd7+ Nxd7 9. O-O Qc7 10. Ne4 Rd8 11.
Ne5 Nh3+ 12. gxh3 Nxe5 13. Bf4 Rxd4 14. Qe2 Qc6 15. Rfe1 Ng6 16. Bg3 h5 17. h4 Be7 18.
c3 Rd5 19. Rad1 O-O 20. Rxd5 Qxd5 21. Rd1 Qf5 22. Rd7 Bxh4 23. Rxb7 Bxg3 24. Nxg3 Qb1+ 25.
Qf1 Qxa2 26. Nxh5 Qd5 27. Rxa7 Qxh5 28. Ra4 Nf4 29. f3 Qg5+ 30. Kh1 Rd8 31. Ra1 Ng6 32. Rd1 Rd2 33. Rxd2 Qxd2 34. b4 cxb4 35. cxb4 Qxb4 36. Qd3 Qe1+ 37. Kg2 Nf4# 0-1

[Event "Early-Titled-Tuesday-Blitz-February-20-2024"]
[Site "Chess.com"]
[Date "2024.02.20"]
[Round "10"]
[White "dosto07"]
[Black "Aygehovit1992"]
[Result "0-1"]
[WhiteElo "2494"]
[BlackElo "2672"]
[TimeControl "180+1"]
[EndTime "9:58:17 PST"]
[Termination "Aygehovit1992 won on time"]

1. e4 c5 2. Nf3 e6 3. c3 d5 4.
exd5 Qxd5 5. d4 Nf6 6. Na3 a6 7. Nc4 Nbd7 8. Ne3 Qc6 9. g3 cxd4 10. cxd4 Ne4 11. Bg2 Bb4+ 12. Nd2 Ndf6 13. O-O Bxd2 14. Bxd2 O-O 15. Rc1 Qb6 16. d5 exd5 17. Nxd5 Qxb2 18. Nxf6+ Nxf6 19. Bc3 Qxa2 20. Bxf6 gxf6 21. Qh5 Qa4 22. h3 Qb5 23. Rc5 Qd3 24. Qh4 Qg6 25. Rh5 Bf5 26.
Rxf5 Rfe8 27. Rf4 f5 28. Rd1 a5 29. g4 a4 30. Rxf5 h6 31. Bd5 Rf8 32. Rf6 Qg7 33. Qxh6 Qxh6 34. Rxh6 Rfd8 35. Bf3 a3 0-1

[Event "Early-Titled-Tuesday-Blitz-February-20-2024"]
[Site "Chess.com"]
[Date "2024.02.20"]
[Round "10"]
[White "Zavgorodniy_Sergiy"]
[Black "Bkmzzzzz"]
[Result "1-0"]
[WhiteElo "2621"]
[BlackElo "2431"]
[TimeControl "180+1"]
[EndTime "9:58:18 PST"]
[Termination "Zavgorodniy_Sergiy won by resignation"]

1. d4 d5 2. c4 dxc4 3. Nf3 a6 4.
e3 Nf6 5. Bxc4 e6 6. O-O c5 7.
Qe2 b5 8. Bd3 Nc6 9. dxc5 Bxc5 10. a3 O-O 11. b4 Bd6 12. Rd1 Qc7 13. Bb2 Ne5 14. Nxe5 Bxe5 15. Bxe5 Qxe5 16. Nd2 Bb7 17. Nf3 Qh5 18. Nd4 Qg5 19. Nf3 Qg4 20. Ne1 Qxe2 21.
Bxe2 Nd5 22. Rdc1 Rac8 23. Bf3 Nc3 24. Rxc3 Rxc3 25. Bxb7 Rb8 26. Bf3 Rbc8 27. Kf1 Rc1 28. Rxc1 Rxc1 29. Bb7 Ra1 30. Bxa6 Rxa3 31. Bxb5 Ra1 32.
Bd3 Kf8 33. b5 Ra2 34. g3 Ke7 35. Nf3 g6 36. h4 Kd6 37. Ng5 Ra3 38. Be2 f6 39. Nxh7 Ke7 40. g4 Ra4 41. Kg2 Kf7 42. g5 Rxh4 43. Nxf6 Rb4 44. f4 e5 45. Kf3 Ke6 46. Bd3 exf4 47. exf4 Rb3 48. Ke3 Kd6 49. Ng4 Ke6 50. Ne5 1-0

[Event "Early-Titled-Tuesday-Blitz-February-20-2024"]
[Site "Chess.com"]
[Date "2024.02.20"]
[Round "10"]
[White "janhelmer03"]
[Black "Lucky_Puncher"]
[Result "0-1"]
[WhiteElo "2249"]
[BlackElo "2502"]
[TimeControl "180+1"]
[EndTime "9:58:18 PST"]
[Termination "Lucky_Puncher won on time"]

1. d4 Nf6 2. c4 g6 3. Nf3 Bg7 4. g3 O-O 5. Bg2 d6 6. Nc3 Nc6 7. d5 Na5 8. b3 Ne4 9. Nxe4 Bxa1 10. Bh6 Bg7 11. Bxg7 Kxg7 12. Qd4+ f6 13. Qc3 b6 14. b4 Nb7 15. a3 a5 16. O-O axb4 17. axb4 Bf5 18.
Nd4 Qd7 19. Ng5 Nd8 20. e4 Bg4 21. h3 h6 22. Ngf3 Bxh3 23. Kh2 Bxg2 24. Kxg2 e5 25. dxe6 Nxe6 26. Ne2 Ng5 27. Nfd4 c5 28. Nb5 Rae8 29. f3 cxb4 30. Qxb4 f5 31. Nxd6 Re6 32. Rd1 Kh7 33. Nf4 fxe4 34. Nxe6 exf3+ 35. Kf1 Qxe6 0-1

[Event "Early-Titled-Tuesday-Blitz-February-20-2024"]
[Site "Chess.com"]
[Date "2024.02.20"]
[Round "10"]
[White "ShieldingOff"]
[Black "JoliyRoger"]
[Result "0-1"]
[WhiteElo "2317"]
[BlackElo "2518"]
[TimeControl "180+1"]
[EndTime "9:58:19 PST"]
[Termination "JoliyRoger won by checkmate"]

1. d4 Nf6 2. c4 e6 3. g3 c5 4.
d5 d6 5. Bg2 exd5 6. cxd5 g6 7.
Nc3 Bg7 8. Nf3 O-O 9. O-O Na6 10. Nd2 Rb8 11. a4 Nb4 12. Nc4 a6 13. Bf4 Ne8 14. Ne4 b5 15. Ncxd6 Nf6 16. Nxf6+ Bxf6 17. Ne4 Bf5 18.
Nxf6+ Qxf6 19. Bxb8 Rxb8 20. e4 Bd7 21. axb5 Bxb5 22. Re1 Nd3 23. Re2 Nxb2 24. Rxb2 Qxb2 25. Rb1 Qc3 26. Rc1 Qa3 27. e5 Bd3 28. d6 c4 29. Bd5 Qb4 30. Qf3 Rf8 31. Qf6 Qb2 32.
Qf4 Qa3 33. e6 fxe6 34. Bxe6+ Kg7 35. Qd4+ Rf6 36. d7 Qxc1+ 37. Kg2 Qf1# 0-1

[Event "Early-Titled-Tuesday-Blitz-February-20-2024"]
[Site "Chess.com"]
[Date "2024.02.20"]
[Round "10"]
[White "vovachesss"]
[Black "bescmelasti"]
[Result "1-0"]
[WhiteElo "2807"]
[BlackElo "2654"]
[TimeControl "180+1"]
[EndTime "9:58:20 PST"]
[Termination "vovachesss won on time"]

1. d4 d5 2. c4 Nc6 3. e3 dxc4 4.
Nc3 e5 5. d5 Nce7 6. Bxc4 Nf6 7. e4 Ng6 8. Nf3 Bc5 9. h3 O-O 10. O-O c6 11. Qc2 Qe7 12. Rd1 Bd7 13. a3 Rac8 14.
b4 Bb6 15. d6 Qd8 16. Na4 Bxf2+ 17. Qxf2 b5 18. Nc5 bxc4 19. Bg5 Be6 20. Nh4 a5 21. Nf5 Bxf5 22. exf5 Nf4 23. Bxf4 exf4 24. Qxf4 axb4 25.
axb4 Qb6 26. Qxc4 Rfd8 27. Ra6 Qb8 28. Qd4 Nd5 29. d7 Rc7 30. Raa1 Qb6 31. Rac1 Nf6 32. Qe5 Kf8 33. Qd6+ Kg8 34. Qe7 Qb8 35. Kh1 1-0

[Event "Early-Titled-Tuesday-Blitz-February-20-2024"]
[Site "Chess.com"]
[Date "2024.02.20"]
[Round "10"]
[White "Ali_rastbod"]
[Black "Jojo_898"]
[Result "1-0"]
[WhiteElo "2697"]
[BlackElo "2493"]
[TimeControl "180+1"]
[EndTime "9:58:20 PST"]
[Termination "Ali_rastbod won by resignation"]

1. d4 Nf6 2. Nc3 d5 3. Bf4 c6 4. e3 g6 5. h4 h5 6. Nf3 Bg7 7.
Ne5 O-O 8. Be2 b5 9. a3 Nfd7 10. g4 hxg4 11. h5 Nxe5 12. dxe5 gxh5 13. Rxh5 f6 14.
Bxg4 e6 15. Qd3 f5 16. Bg5 Qe8 17. f4 a5 18. Kf2 Ra7 19. Rah1 Qg6 20. Ne2 Kf7 21.
Bf3 Ke8 22. Rh6 Bxh6 23. Bh5 Qxh5 24. Rxh5 Bxg5 25. Rxg5 Rh7 26. Kg1 Nd7 27. Qc3 Bb7 28.
Qxa5 Rfh8 29. Ng3 Nc5 30. Qa7 Ne4 31. Qb8+ Kd7 32. Qxb7+ Kd8 33. Qb6+ Kd7 34. Nxe4 Rh1+ 35. Kf2 R8h2+ 36. Rg2 dxe4 37. Qb7+ 1-0

[Event "Early-Titled-Tuesday-Blitz-February-20-2024"]
[Site "Chess.com"]
[Date "2024.02.20"]
[Round "10"]
[White "Zq1"]
[Black "Yan_Dyomin2010"]
[Result "0-1"]
[WhiteElo "2517"]
[BlackElo "2723"]
[TimeControl "180+1"]
[EndTime "9:58:20 PST"]
[Termination "Yan_Dyomin2010 won by resignation"]

1. d4 Nf6 2. c4 g6 3. Nc3 d5 4. Nf3 Bg7 5. cxd5 Nxd5 6. Bd2 O-O 7. Rc1 Nxc3 8. Bxc3 b6 9. e3 Bb7 10. Be2 Nd7 11.
O-O c5 12. Qb3 cxd4 13. Nxd4 Nc5 14. Qa3 e6 15. Rfd1 Qe7 16. Nb3 Bxc3 17. Rxc3 Qg5 18. Bf1 Nxb3 19. axb3 Rfd8 20. Rcd3 Rxd3 21. Rxd3 Bd5 22.
b4 h5 23. h3 Qe7 24. Rc3 Qd7 25. b5 Bb7 26. Qa1 Be4 27. Qc1 Qd6 28. Rc8+ Rxc8 29. Qxc8+ Kg7 30. Qc3+ e5 31. f4 Kf6 32. Kf2 Ke6 33.
Bc4+ Bd5 34. Bxd5+ Qxd5 35. Qc8+ Qd7 36. Qc4+ Kf6 37. Qc3 Qxb5 38. g4 hxg4 39. hxg4 Qc5 40. g5+ Ke7 41. Qd3 exf4 42. Qe4+ Kd7 43. Qxf4 Qf5 0-1

[Event "Early-Titled-Tuesday-Blitz-February-20-2024"]
[Site "Chess.com"]
[Date "2024.02.20"]
[Round "10"]
[White "ilqar_74"]
[Black "chess94cu"]
[Result "0-1"]
[WhiteElo "2823"]
[BlackElo "2678"]
[TimeControl "180+1"]
[EndTime "9:58:21 PST"]
[Termination "chess94cu won by resignation"]

1. e4 c6 2. Nf3 d5 3. Nc3 Bg4 4.
h3 Bxf3 5. Qxf3 e6 6. d4 dxe4 7.
Qxe4 Nf6 8. Qd3 Nbd7 9. g3 Bd6 10. Bg2 h6 11. O-O O-O 12. Ne4 Nxe4 13. Qxe4 Nf6 14.
Qe2 Re8 15. c4 Qc7 16. f4 c5 17. dxc5 Bxc5+ 18. Kh2 Rad8 19. b3 h5 20. Bb2 Bd4 21. Rae1 h4 22. g4 Bxb2 23. Qxb2 Rd3 24. Qe5 Qd7 25. Rf3 Rd8 26. Rxd3 Qxd3 27. Qe3 Qxe3 28. Rxe3 b6 29. Re2 Rd4 30. Rf2 a5 31. f5 e5 32.
Re2 Nd7 33. Bd5 Kf8 34. Bc6 f6 35. Bxd7 Rxd7 36. a3 Rd3 37. Rb2 Kg8 38. Kg2 Rg3+ 39. Kh2 Rc3 40. Kg2 Kh7 41. Kh2 Kh6 42. b4 Rxc4 43. bxa5 bxa5 44. Rb7 Rc2+ 45. Kg1 Rc3 46. Kg2 Rxa3 47. Ra7 a4 48. Ra6 Rg3+ 49. Kh2 a3 50.
Ra7 Rb3 51. Kg2 e4 52. Ra4 Rb2+ 0-1

[Event "Early-Titled-Tuesday-Blitz-February-20-2024"]
[Site "Chess.com"]
[Date "2024.02.20"]
[Round "10"]
[White "averageFM"]
[Black "rquery98"]
[Result "0-1"]
[WhiteElo "2625"]
[BlackElo "2775"]
[TimeControl "180+1"]
[EndTime "9:58:22 PST"]
[Termination "rquery98 won by resignation"]

1. d4 Nf6 2. Nc3 d5 3. e4 Nxe4 4. Nxe4 dxe4 5. Be3 g6 6. Qd2 Bg7 7. O-O-O Be6 8. d5 Bf5 9. h4 h5 10. Ne2 Qd6 11. Ng3 Nd7 12. Bd4 Bh6 13. Be3 Bxe3 14. Qxe3 Qb6 15. Nxf5 gxf5 16. Qf4 Qh6 17. Qxh6 Rxh6 18.
f3 Nf6 19. Bb5+ Kf8 20. Rhe1 Rg6 21. Bf1 Rd8 22. c4 Ke8 23. Re3 e6 24. Rb3 b6 25.
Ra3 a5 26. fxe4 fxe4 27. dxe6 Rxd1+ 28. Kxd1 fxe6 29. c5 Kd7 30. Rb3 Kc6 31. cxb6 cxb6 32. Bb5+ Kd6 33. Bc4 Kc5 34. Bf1 Nd5 35. g3 e3 36.
Rb5+ Kd4 37. Be2 Rxg3 38. Bxh5 Rg1+ 39. Ke2 Nf4+ 40. Kf3 Rf1+ 41. Kg4 Nxh5 42. Rxb6 e2 43. Rd6+ Ke5 0-1

[Event "Early-Titled-Tuesday-Blitz-February-20-2024"]
[Site "Chess.com"]
[Date "2024.02.20"]
[Round "10"]
[White "Egor_Koshulyan"]
[Black "joshdaruca"]
[Result "0-1"]
[WhiteElo "2621"]
[BlackElo "2770"]
[TimeControl "180+1"]
[EndTime "9:58:23 PST"]
[Termination "joshdaruca won on time"]

1. e4 c5 2. Nf3 d6 3. d4 cxd4 4.
Qxd4 Nc6 5. Bb5 Bd7 6. Bxc6 Bxc6 7. Nc3 e5 8. Qd3 h6 9. O-O Nf6 10. Nd2 Qa5 11. Nc4 Qa6 12. Nxd6+ Bxd6 13. Qxd6 Bxe4 14. Nxe4 Nxe4 15. Qxe5+ Qe6 16. Qb5+ Qc6 17. Qb4 a5 18. Qa3 f5 19. Bf4 Kf7 20. Qb3+ Kg6 21. Rad1 a4 22. Qb4 Rhd8 23. c3 Kh7 24. h3 Nc5 25. Be5 Nd3 26. Qe7 Rd7 27. Qh4 Nxe5 28. Rde1 Ng6 29. Qh5 Qxg2+ 30. Kxg2 Nf4+ 31. Kf3 Nxh5 32. Re5 Kg6 33. Rfe1 Nf6 34. Rb5 a3 35. Re6 axb2 36.
Rxb2 Ra3 37. Reb6 Rxc3+ 38. Kg2 Ra3 39. R6b5 Ne4 40. h4 Nf6 41. f3 Kh5 42. Rxf5+ Kg6 43. Rfb5 Kh7 44. Kg3 Rdd3 45. Rf2 Ne4+ 0-1

[Event "Early-Titled-Tuesday-Blitz-February-20-2024"]
[Site "Chess.com"]
[Date "2024.02.20"]
[Round "10"]
[White "ChEsper99"]
[Black "a-z30"]
[Result "1-0"]
[WhiteElo "2241"]
[BlackElo "2468"]
[TimeControl "180+1"]
[EndTime "9:58:23 PST"]
[Termination "ChEsper99 won on time"]

1. d4 d5 2. Bf4 Bf5 3. Nc3 e6 4. f3 Nf6 5. e3 a6 6. h4 h5 7. Nh3 c5 8. Nf2 cxd4 9. exd4 Nc6 10. Be3 Bd6 11. Qd2 Rc8 12. Bd3 Bxd3 13. Nxd3 Bg3+ 14.
Bf2 Qd6 15. Ne2 Bxf2+ 16. Kxf2 O-O 17. c3 e5 18. dxe5 Nxe5 19. Nxe5 Qxe5 20. Qd4 Qf5 21. Rad1 Rfe8 22. Ng3 Qg6 23. Rhe1 b5 24. Re5 Rxe5 25.
Qxe5 Rc4 26. Rd4 Qc2+ 27. Qe2 Qb1 28. a3 Qg6 29. Qd2 Rxd4 30. cxd4 Ne8 31. Ne2 Nd6 32.
Nf4 Qf5 33. g3 Nc4 34. Qc3 1-0

[Event "Early-Titled-Tuesday-Blitz-February-20-2024"]
[Site "Chess.com"]
[Date "2024.02.20"]
[Round "10"]
[White "cukin84"]
[Black "gm_rashid"]
[Result "0-1"]
[WhiteElo "2235"]
[BlackElo "2441"]
[TimeControl "180+1"]
[EndTime "9:58:23 PST"]
[Termination "gm_rashid won by resignation"]

1. e4 d6 2. d4 g6 3. Nc3 Bg7 4. Be3 Nf6 5. Qd2 c6 6. f3 Nbd7 7. g4 b5 8. h4 h5 9. Be2 Nb6 10. g5 Nfd7 11. d5 Nc4 12. Bxc4 bxc4 13. dxc6 Ne5 14. Bd4 O-O 15. Bxe5 Bxe5 16. f4 Bg7 17.
Nge2 Qb6 18. Nd5 Qd8 19. c7 Qd7 20. Qb4 e6 21. Nf6+ Bxf6 22. gxf6 Qxc7 23. O-O-O Rd8 24.
Nd4 Rb8 25. Qc3 Bb7 26. Rde1 Qc5 27. f5 exf5 28. exf5 Bxh1 29. fxg6 fxg6 30. Rxh1 Qe5 31. Rg1 Qxf6 32. Qxc4+ d5 33. Qd3 Kh7 34. c3 Rf8 35. Kb1 Rbe8 36. a3 Re4 37. Rg5 Qf1+ 38. Qxf1 Rxf1+ 39. Ka2 Rxh4 40. Rxd5 Rh2 41. Ne6 Rff2 42. Rb5 h4 43. Ng5+ Kh6 44. Ne4 Re2 45. Ng5 Rxb2+ 46. Rxb2 Rxb2+ 47. Kxb2 Kxg5 0-1

[Event "Early-Titled-Tuesday-Blitz-February-20-2024"]
[Site "Chess.com"]
[Date "2024.02.20"]
[Round "10"]
[White "Journey_to_GrandMaster_YT"]
[Black "mertfelin"]
[Result "1-0"]
[WhiteElo "2501"]
[BlackElo "2341"]
[TimeControl "180+1"]
[EndTime "9:58:24 PST"]
[Termination "Journey_to_GrandMaster_YT won by resignation"]

1. d4 d5 2. c4 e6 3. Nc3 Nf6 4. Bg5 Be7 5. e3 h6 6. Bh4 O-O 7. Qc2 dxc4 8. Bxc4 a6 9. a4 Nbd7 10.
Rd1 Qe8 11. e4 e5 12. Nf3 exd4 13. Nxd4 Ne5 14. Be2 Ng6 15. Bg3 c6 16. O-O Bb4 17. f3 Qd8 18. Ne6 Qe7 19. Nxf8 Nxf8 20. Kh1 Be6 21.
e5 Nd5 22. Nxd5 cxd5 23. f4 Rc8 24. Qd3 g6 25. Rc1 Rd8 26. Bf2 Nd7 27. g4 d4 28.
Bf3 Nc5 29. Qd1 Bb3 30. Qe2 d3 31. Qe3 d2 32. Rxc5 Bxc5 33. Qxb3 Bxf2 34. Rxf2 Qc5 35.
Rf1 Rd4 36. e6 Rxf4 37. exf7+ Kf8 38. Kg2 Rxf7 39. Qd1 Qe3 40. Bxb7 1-0

[Event "Early-Titled-Tuesday-Blitz-February-20-2024"]
[Site "Chess.com"]
[Date "2024.02.20"]
[Round "10"]
[White "MasterofMasters2006"]
[Black "ATM622"]
[Result "0-1"]
[WhiteElo "2300"]
[BlackElo "2476"]
[TimeControl "180+1"]
[EndTime "9:58:24 PST"]
[Termination "ATM622 won by checkmate"]

1. d4 Nf6 2. c4 e6 3. Nf3 d5 4.
Nc3 Bb4 5. Bg5 O-O 6. e3 Nbd7 7. cxd5 exd5 8. Bd3 h6 9. Bh4 Re8 10. O-O c6 11. a3 Be7 12. b4 Nf8 13. Ne5 Ne4 14. Bxe7 Qxe7 15. Nxe4 dxe4 16. Bc4 Be6 17. Bxe6 Qxe6 18.
Qc2 f6 19. Nc4 Rad8 20. Rac1 Rd5 21. Na5 Re7 22. Nb3 Rg5 23. Nc5 Qg4 24. g3 Rh5 25. a4 Ng6 26. f3 exf3 27. e4 Nf4 28. Qb3+ Kh7 29. Qxf3 Qxf3 30. Rxf3 Ne2+ 31. Kf2 Rxh2+ 32. Ke3 Nxc1 33. Rf1 Na2 34. Rb1 Nc3 35. Rb3 Nd1+ 36. Kf4 h5 37. Nd3 Re2 38. e5 fxe5+ 39. Nxe5 Rf2+ 40.
Kg5 g6 41. Nxg6 Rg7 42. Rb1 Rxg6+ 43. Kh4 Rh2# 0-1

[Event "Early-Titled-Tuesday-Blitz-February-20-2024"]
[Site "Chess.com"]
[Date "2024.02.20"]
[Round "10"]
[White "Rud_2008"]
[Black "Grande_Strategia"]
[Result "0-1"]
[WhiteElo "2707"]
[BlackElo "2534"]
[TimeControl "180+1"]
[EndTime "9:58:25 PST"]
[Termination "Grande_Strategia won by resignation"]

1. e4 f6 2. d4 Kf7 3. Nc3 g6 4.
h4 Bh6 5. h5 Kg7 6. Nf3 d6 7.
Bxh6+ Nxh6 8. Qd2 e5 9. O-O-O Nc6 10. Bc4 Bg4 11. Ne2 Qe7 12. Rde1 Rae8 13. Rh4 Bxf3 14. gxf3 f5 15. Reh1 f4 16. Bb5 g5 17. Rg1 Rhg8 18. d5 a6 19. dxc6 axb5 20. cxb7 c6 21. Qc3 c5 22.
Qd3 b4 23. Qd5 Nf7 24. h6+ Kf6 25. Rh5 Rb8 26. Nxf4 Rxb7 27. Ng2 Qe6 28. Qd2 Rg6 29. Ne3 Qxa2 30. Nd5+ Ke6 31. Qd1 Ra7 32. Kd2 Qxb2 33. Ke2 Ra2 34. Ne3 b3 35. Qd5+ Ke7 36. Nf5+ Kd8 37. Qxf7 Qxc2+ 38. Ke1 Qxf2+ 0-1

[Event "Early-Titled-Tuesday-Blitz-February-20-2024"]
[Site "Chess.com"]
[Date "2024.02.20"]
[Round "10"]
[White "Cheer_Down"]
[Black "VinzentSpitzl"]
[Result "0-1"]
[WhiteElo "2420"]
[BlackElo "2540"]
[TimeControl "180+1"]
[EndTime "9:58:25 PST"]
[Termination "VinzentSpitzl won by resignation"]

1. e4 c5 2. Nf3 d6 3. d4 cxd4 4. Nxd4 Nf6 5. Nc3 a6 6. Rg1 e5 7. Nb3 Be6 8. g4 d5 9. exd5 Nxd5 10. Nxd5 Qxd5 11. Qxd5 Bxd5 12. Be3 Nc6 13. O-O-O O-O-O 14. Bb6 Rd6 15. g5 Be7 16. h4 Kb8 17. Bc5 Rdd8 18.
Bb6 Rd6 19. c4 Bf3 20. Rxd6 Bxd6 21. c5 Be7 22. Bc4 Rf8 23. Re1 h6 24. gxh6 gxh6 25. Na5 Nxa5 26. Bxa5 Bxc5 27. Rxe5 Bxf2 28. Rf5 Be3+ 29.
Bd2 Rc8 30. b3 Bxd2+ 31. Kxd2 Bc6 32. Rxf7 Rd8+ 33. Ke3 Re8+ 34. Kd4 Re4+ 35. Kc5 Ka7 36. a4 Rxh4 37. b4 Rh5+ 38. Kd4 Rg5 39. b5 axb5 40. axb5 Bxb5 41. Bxb5 Rxb5 42. Kc4 Rg5 43. Rh7 h5 44. Kb4 Ka6 0-1

[Event "Early-Titled-Tuesday-Blitz-February-20-2024"]
[Site "Chess.com"]
[Date "2024.02.20"]
[Round "10"]
[White "fabianvivasz"]
[Black "marsofsilva"]
[Result "1-0"]
[WhiteElo "2368"]
[BlackElo "2183"]
[TimeControl "180+1"]
[EndTime "9:58:25 PST"]
[Termination "fabianvivasz won by resignation"]

1. c4 e6 2. Nf3 d5 3. g3 Nf6 4. Bg2 dxc4 5. Qa4+ Bd7 6. Qxc4 b5 7. Qc2 c5 8. Ne5 Nd5 9. Nc3 Nc6 10. Nxf7 Kxf7 11. Nxd5 exd5 12. Bxd5+ Ke8 13. Qe4+ Qe7 14. Bxc6 Qxe4 15. Bxe4 Rc8 16. d3 Bd6 17. Be3 Ke7 18. Rc1 Rhe8 19. Bxh7 Kf8 20. Be4 c4 21. O-O Bh3 22.
Bg2 Bg4 23. Rfe1 Bb4 24. dxc4 Bxe1 25. Rxe1 Rxc4 26. h3 Bf5 27. Bxa7 Rc2 28. Bd5 Rxb2 29. Bc5+ Re7 30. e4 Bg6 31. Re3 Ke8 32. Bxe7 Kxe7 33. Rb3 Rxa2 34. Rxb5 Rd2 35. Rb7+ Kf6 36. Rb6+ Kg5 37.
h4+ Kh6 38. Bf7 1-0

[Event "Early-Titled-Tuesday-Blitz-February-20-2024"]
[Site "Chess.com"]
[Date "2024.02.20"]
[Round "10"]
[White "agvega14"]
[Black "WiseKing_08"]
[Result "0-1"]
[WhiteElo "2217"]
[BlackElo "2416"]
[TimeControl "180+1"]
[EndTime "9:58:26 PST"]
[Termination "WiseKing_08 won by resignation"]

1. d4 d5 2. c4 c6 3. Nc3 Nf6 4. e3 Bf5 5. cxd5 cxd5 6. Qb3 Nc6 7. a3 Na5 8. Qa4+ Bd7 9. Bb5 e6 10. Nf3 Nc4 11. b3 Nb6 12. Qa5 a6 13. Bxd7+ Nbxd7 14. Qxd8+ Rxd8 15. Bd2 Bd6 16. Rc1 b5 17. a4 b4 18. Ne2 Ke7 19. O-O Rc8 20. Rxc8 Rxc8 21. Rc1 Rxc1+ 22. Nxc1 Ne4 23. Nd3 a5 24. Kf1 g5 25. h3 h5 26. Ke2 f5 27. Nfe1 g4 28.
hxg4 fxg4 29. f3 Ng3+ 30. Kf2 Nf5 31. f4 Nf6 32. Bc1 Ne4+ 33. Ke2 Nfg3+ 34. Kd1 h4 35. Bd2 h3 36. gxh3 gxh3 37. Nf3 Nf1 38. Be1 Nxe3+ 39.
Ke2 Nf5 40. Nde5 Nxd4+ 41. Nxd4 h2 42. Bh4+ Ke8 43. Nxe6 h1=Q 0-1